 Dungeon Crawl Stone Soup version 0.27-a0-1144-g0b7d3b79db (webtiles) character file.

Game seed: 16700764557993896924

24 rageheart7 the Ducker (level 2, -7/16 HPs)
             Began as a Spriggan Monk on May 11, 2021.
             Killed by nerve-wracking pain
             ... invoked by Jessica
              (10 damage)
             ... on level 1 of the Dungeon.
             The game lasted 00:02:36 (1342 turns).

rageheart7 the Ducker (Spriggan Monk)               Turns: 1342, Time: 00:02:36

Health: -7/16      AC:  2    Str:  7    XL:     2   Next: 79%
Magic:  3/3        EV: 19    Int: 11    God:
Gold:   0          SH:  0    Dex: 17    Spells: 1/1 levels left

rFire    + . .     SeeInvis +   a - +0 short sword
rCold    . . .     Faith    .   (shield restricted)
rNeg     . . .     Spirit   .   b - +0 robe
rPois    .         Reflect  .   (helmet restricted)
rElec    .         Harm     .   (no cloak)
rCorr    .         Rampage  .   (gloves unavailable)
Will     .....                  (boots unavailable)
Stlth    +++.......             (no amulet)
HPRegen  0.05/turn              g - ring of protection from fire
MPRegen  0.08/turn              (no ring)

@: very quick
A: very small, no large weapons, unfitting armour, see invisible, speed 3
a: no special abilities


You were on level 1 of the Dungeon.
You visited 1 branch of the dungeon, and saw 2 of its levels.

Inventory:

Hand Weapons
 a - a +0 short sword (weapon)
Missiles
 h - 14 poisoned darts (quivered)
Armour
 b - a +0 robe (worn)
Jewellery
 g - a ring of protection from fire (left hand)
Scrolls
 c - a scroll of teleportation {unknown}
 d - a scroll of fear {unknown}
 e - a scroll of magic mapping {unknown}
 f - 3 scrolls of identify {unknown}
 i - a scroll of immolation {unknown}


   Skills:
 + Level 2.6 Fighting
 * Level 3.8 Short Blades
 + Level 4.3 Dodging
 + Level 3.5 Stealth


You had one spell level left.
You didn't know any spells.
Your spell library contained the following spells:

 Spells                   Type           Power      Damage    Failure   Level
 Magic Dart               Conj           0%         1d3       34%         1
 Searing Ray              Conj           0%         3d3       47%         2
 Dazzling Flash           Conj/Hex       0%         N/A       71%         3
 Fulminant Prism          Conj/Hex       0%         3d6       98%         4
 Iskenderun's Mystic Bla  Conj/Tloc      0%         2d3       98%         4


Dungeon Overview and Level Annotations

Branches:
Dungeon (2/15)

Altars:
Makhleb

Annotations:
D:1 Jessica


Innate Abilities, Weirdness & Mutations

You are very small and have problems with some larger weapons.
You are too small for most types of armour.
You have supernaturally acute eyesight. (SInv)
You cover ground extremely quickly. (Speed+++)


Message History

Jessica is lightly wounded.
Jessica closely misses you.
You hit Jessica.
Jessica is heavily wounded.
A goblin comes into view. It is wielding a +0 dagger.
Jessica gestures at you while chanting. Pain shoots through your body!
Ouch! That really hurt!
You are too injured to fight recklessly!
You are too injured to fight recklessly!
You are too injured to fight recklessly!
There is a stone staircase leading up here.
Jessica misses you.
You climb upwards.
There is a stone staircase leading down here.
You aren't carrying any potions.
You hit Jessica but do no damage.
Jessica is heavily wounded.
Jessica barely misses you.
You closely miss Jessica.
Jessica is heavily wounded.
You barely miss Jessica.
Jessica is heavily wounded.
Jessica points at you and mumbles some strange words.
Pain shoots through your body!
* * * LOW HITPOINT WARNING * * *
You hit Jessica.
Jessica is severely wounded.
Jessica drinks a potion.
Jessica is healed!
You barely miss Jessica. Jessica barely misses you. Jessica misses you.
Jessica shouts, "You are a ghastly nuisance!"
Jessica gestures at you while chanting.
You feel yourself slow down.
You feel yourself speed up.
You see here a +0 whip.
Jessica gestures at you while chanting. Pain shoots through your body!
Ouch! That really hurt!
You die...

##### #...#######
#.#.......# ###
#...#####.# ##..
##.## #.######...
#.# #).......## #.#
#..##.##.#. #.####
#..#...#... #@@..#
#........#. ##.#..#
#..#.....#.
##.###.####.##.##...
##.##
##.###........# #.##
##.....##..#.. ##.##
##.####.#...#..
##.###.## #.......#
##.#..# #.#...#.#
##(#.# #.##.##..


You could see Jessica.

Vanquished Creatures
  A ball python (D:1)
  2 bats (D:1)
  2 endoplasms (D:1)
  2 hobgoblins (D:1)
  5 jackals (D:1)
  A kobold (D:1)
  A quokka (D:1)
  2 frilled lizards (D:1)
  3 goblins (D:1)
  A rat (D:1)
20 creatures vanquished.

Notes
Turn   | Place    | Note
-------+----------+-------------------------------------------
     0 | D:1      | rageheart7 the Spriggan Monk began the quest for the Orb.
     0 | D:1      | Reached XP level 1. HP: 11/11 MP: 2/2
   313 | D:1      | Reached XP level 2. HP: 12/16 MP: 3/3
  1288 | D:2      | Noticed Jessica
  1289 | D:2      | Found a burning altar of Makhleb.
  1342 | D:1      | Killed from afar by Jessica

Illustrated notes

Levels and vault maps discovered:
D:1:      elethiomel_arrival_quiet, layout_loops_ring, kennysheep_doodads,
          hangedman_decor_clover_reticule
D:2:      layout_basic, basic_altar, serial_shops, shop, uniq_robin,
          uniq_jessica

Action                   || total
-------------------------++-------
Melee: Short sword       ||   102
 Stab: Sleeping          ||     3
Armor: Robe              ||     4
Dodge: Dodged            ||    83

Table legend: (Time is in decaauts)
 A = Elapsed time spent in this place.
 B = Non-inter-level travel time spent in this place.
 C = Inter-level travel time spent in this place.
 D = Time resting spent in this place.
 E = Time spent auto-exploring this place.
 F = Levels seen in this place.
 G = Mean time per level.
                   A        B        C        D        E       F      G
               +--------+--------+--------+--------+--------+-----+--------+
         Total |   1076 |   1052 |     24 |      0 |    856 |   2 |  538.0 |
       Dungeon |   1076 |   1052 |     24 |      0 |    856 |   2 |  538.0 |
               +--------+--------+--------+--------+--------+-----+--------+

Top non-repeatable levels by time:
     D:1: 1071 daAuts
     D:2: 4 daAuts
